 Dungeon Crawl Stone Soup version 0.28.0-53-g5a82cb258f (webtiles) character file.

Game seed: 11251208287009776474

234 Peloso the Slasher (level 5, 0/43 (47) HPs)
             Began as a Minotaur Fighter on June 1, 2022.
             Slain by a hell rat (5 damage)
             ... in a sewer.
             The game lasted 00:05:27 (3144 turns).

Peloso the Slasher (Minotaur Fighter)               Turns: 3144, Time: 00:05:28

HP:   0/43 (47)     AC: 12    Str: 20    XL:     5   Next: 75%
MP:   4/4           EV:  6    Int:  5    God:
Gold: 109           SH:  5    Dex: 12    Spells: 4/4 levels left

rFire   . . .      SeeInvis .   a - +0 long sword
rCold   . . .      Faith    .   c - +0 buckler
rNeg    . . .      Spirit   .   j - +0 plate armour
rPois   .          Reflect  .   (helmet restricted)
rElec   .          Harm     .   (no cloak)
rCorr   .          Rampage  .   (no gloves)
Will    .....                   (no boots)
Stlth   ..........              (no amulet)
HPRegen 0.14/turn               (no ring)
MPRegen 0.09/turn               (no ring)

@: drained
A: horns 2, retaliatory headbutt
a: no special abilities


You were in a sewer.
You visited 1 branch of the dungeon, and saw 4 of its levels.
You also visited: Sewer.

You collected 109 gold pieces.

Inventory:

Hand Weapons
 a - a +0 long sword (weapon)
Armour
 b - a +0 scale mail
 c - a +0 buckler (worn)
 j - a +0 plate armour (worn)
Wands
 n - a wand of digging (4)
Scrolls
 e - 2 scrolls of teleportation
 f - a scroll of magic mapping
 g - a scroll of brand weapon {unknown}
 h - a scroll of enchant armour
 k - 2 scrolls of fog {unknown}
 l - a scroll of identify
 o - a scroll of silence
Potions
 d - a potion of might
 i - a potion of lignification {unknown}
 m - a potion of flight
 p - a potion of magic {unknown}


   Skills:
 + Level 4.7 Fighting
 + Level 4.9 Long Blades
 + Level 4.5 Armour
 + Level 1.0 Dodging
 + Level 0.1 Stealth
 + Level 4.8 Shields


You had 4 spell levels left.
You didn't know any spells.
Your spell library contained the following spells:

 Spells                   Type           Power      Damage    Failure   Level
 Pain                     Necr           0%         1d4       100%        1
 Agony                    Necr           0%         N/A       100%        5
 Excruciating Wounds      Necr           0%         N/A       100%        5


Dungeon Overview and Level Annotations

Branches:
Dungeon (4/15)              Sewer (1/1)
 Temple: D:4-7

Altars:
Ashenzari
Qazlal
Zin

Shops:
D:1 =


Innate Abilities, Weirdness & Mutations

You have a pair of horns on your head.
You reflexively headbutt those who attack you in melee.


Message History

There is an open door here.
You closely miss the hell rat. You headbutt the hell rat.
The hell rat is moderately wounded.
You block the hell rat's attack.
You completely miss the hell rat.
The hell rat is moderately wounded.
The hell rat bites you!
You slash the hell rat!
The hell rat is severely wounded.
The hell rat bites you.
You feel drained. The hell rat bites you!
You feel drained.
Unknown command.
You completely miss the hell rat.
The hell rat is severely wounded.
The hell rat bites you. x2
Unknown command.
You barely miss the hell rat.
The hell rat is severely wounded.
You block the hell rat's attack.
Unknown command.
You barely miss the hell rat. Your headbutt misses the hell rat.
The hell rat is severely wounded.
You block the hell rat's attack.
Unknown command.
You barely miss the hell rat.
The hell rat is severely wounded.
The hell rat barely misses you. You furiously retaliate!
You headbutt the hell rat, but do no damage.
The hell rat barely misses you.
Unknown command.
You closely miss the hell rat.
The hell rat is severely wounded.
The hell rat bites you but does no damage.
Unknown command.
You closely miss the hell rat.
The hell rat is severely wounded.
The hell rat bites you!
* * * LOW HITPOINT WARNING * * *
You feel drained.
You die...

#########
###.≈≈.≈..###
###≈≈≈≈@≈≈.≈≈.###
#.≈≈.≈##r##..†≈.#
##≈≈≈###≈≈≈###≈.≈##
#≈.†##≈≈≈≈≈≈.##≈≈≈#
#..≈#≈≈≈≈≈≈≈≈≈#..≈#
#..≈##.[?!?!.##.≈.#
##≈≈≈###?∩!###≈≈.##
#≈≈≈≈≈#####≈≈.≈≈#
###≈≈≈≈≈∩≈≈...###


You could see a hell rat.

Vanquished Creatures
  An orc priest (D:3)
  4 gnolls (D:3)
  4 adders (D:2)
  3 river rats
  2 worms (D:2)
  A dart slug (D:2)
  2 orcs (D:3)
  4 endoplasms
  14 giant cockroaches
  4 hobgoblins
  6 jackals
  A quokka (D:1)
  9 ball pythons
  9 bats
  6 frilled lizards
  4 goblins
  10 kobolds
  17 rats
  A spectral hobgoblin (D:1)
102 creatures vanquished.

Vanquished Creatures (others)
  A plant (D:1)
1 creature vanquished.

Grand Total: 103 creatures vanquished

Notes
Turn   | Place    | Note
-------+----------+-------------------------------------------
     0 | D:1      | Peloso the Minotaur Fighter began the quest for the Orb.
     0 | D:1      | Reached XP level 1. HP: 19/19 MP: 0/0
   364 | D:1      | Reached XP level 2. HP: 27/27 MP: 1/1
   545 | D:1      | Found a faded altar of an unknown god.
   901 | D:1      | Found a broken altar of Ashenzari.
   941 | D:1      | Found Xyqikhlo's One-of-a-Kind Rings.
   959 | D:1      | Reached XP level 3. HP: 33/33 MP: 2/2
  1536 | D:2      | Reached XP level 4. HP: 40/40 MP: 3/3
  1860 | D:2      | You fall into a shaft and drop 1 floor!
  1952 | D:3      | Found a glowing silver altar of Zin.
  1962 | D:3      | Found a stormy altar of Qazlal.
  2108 | D:3      | Reached XP level 5. HP: 34/47 MP: 4/4
  2478 | D:2      | Reached skill level 1 in Dodging
  3015 | D:4      | Found a glowing drain.
  3049 | Sewer    | Entered a sewer
  3144 | Sewer    | Slain by a hell rat

Illustrated notes

Levels and vault maps discovered:
D:1:      dpeg_arrival_circle_labyrinth_a, layout_basic, serial_forest,
          infiniplex_forest_clump_diagonal, infiniplex_forest_lined_4_way,
          infiniplex_forest_end_2, infiniplex_forest_end_2,
          infiniplex_forest_diagonal, infiniplex_forest_straight_2,
          infiniplex_forest_end_2, infiniplex_forest_diagonal,
          infiniplex_forest_pool, dreamdust_ecumenical_altar_drowned_temple,
          kennysheep_flooded_box, minmay_misc_feat_diagonals,
          nicolae_shop_unique_rings, minmay_misc_feat_encased
D:2:      minmay_roachtagon, layout_basic
D:3:      layout_rooms, minitemple
D:4:      layout_rooms, cheibrodos_sewer_entry_sluice, nicolae_shop_gadgets
Sewer:    sewer_hellmonk_bad_rat

Skill      XL: |  1  2  3  4  5 |
---------------+----------------+-----
Shields        | 4 |  4.8
Armour         | 4 |  4.5
Fighting       | 4 |  4.7
Long Blades    | 3 4 |  4.9
Dodging        | 1 |  1.0
Stealth        | |  0.1

Action                   |  1- 3 |  4- 6 || total
-------------------------+-------+-------++-------
Melee: Long sword        |    96 |   135 ||   231
       Headbutt          |    17 |    15 ||    32
  Use: Scroll            |     5 |       ||     5
       Potion            |     2 |       ||     2
Armor: Scale mail        |    45 |     6 ||    51
       Plate armour      |       |    90 ||    90
Dodge: Dodged            |    60 |    50 ||   110
Block: Buckler           |    35 |    38 ||    73
